Map: 코랄의 균열

Players

펜타네스트

  • Race: Zerg Zerg

펜타네스트

  • Race: Terran Terran
  • Spawn Location: 7:00

VOD

Have the link to the VOD?

Description

Time

  • Played on: Nov. 4, 2017, 3:34 a.m.
  • Length: 17:04
Show
View Real Time Build Order
Export as new Build Order

펜타네스트 Zerg 

Build Orders:  

Get SALT Encoding   

  18  0:03  Primal Drone  
  19  0:11  Primal Drone  
  19  0:17  Primal Drone  
  21  0:24  Primal Drone  
  22  0:33  Primal Drone  
  22  0:38  Extractor  
  23  1:00  Primal Warden  
  23  1:07  Extractor  
  24  1:15  Primal Drone  
  25  1:25  Primal Drone x2  
  27  1:43  Primal Drone  
  28  1:59  Primal Drone  
  29  2:08  Primal Zergling  
  29  2:09  Glevig's Den  
  29  2:18  Primal Drone  
  30  2:58  Primal Hive  
  35  3:00  Primal Drone  
  36  3:13  Primal Drone x2  
  38  3:31  Primal Drone x2  
  40  3:46  Murvar's Den  
  39  3:54  Primal Drone  
  40  4:11  Primal Drone  
  41  4:30  Primal Drone  
  42  4:56  Primal Drone x2  
  46  5:02  Primal Hive  
  46  5:05  Extractor x2  
  46  5:10  Primal Drone x3  
  46  5:15  Primal Warden  
  46  5:17  Primal Drone x2  
  46  5:18  Primal Warden  
  51  5:29  Primal Warden  
  51  5:36  Primal Drone x3  
  54  6:23  Dakrun's Den  
  53  6:58  Primal Hydralisk  
  55  7:22  Muscular Augments  
  55  7:32  Primal Hydralisk  
  55  7:33  Primal Hydralisk x9  
  55  7:34  Primal Hydralisk  
  77  8:14  Primal Hydralisk  
  77  8:15  Primal Hydralisk x4  
  87  8:22  Tenderize  
  87  8:27  Primal Drone  
  87  8:28  Primal Drone x4  
  92  8:56  Primal Hydralisk  
  92  8:57  Primal Hydralisk x3  
  100  9:01  Impaler  
  100  9:02  Impaler x2  
  100  9:03  Impaler x4  
  100  9:05  Impaler  
  100  9:08  Primal Hydralisk  
  94  9:10  Primal Drone  
  95  9:36  Impaler x7  
  95  9:37  Impaler  
  95  9:39  Primal Hydralisk x4  
  103  9:40  Impaler x2, Primal Hydralisk  
  103  9:43  Impaler, Primal Drone  
  103  10:06  Impaler x8  
  103  10:15  Primal Hydralisk  
  103  10:16  Primal Hydralisk x4  
  113  10:28  Primal Hydralisk  
  113  10:29  Primal Hydralisk x2  
  119  10:36  Primal Hydralisk  
  121  11:03  Impaler x11  
  121  11:07  Primal Hydralisk x2  
  121  11:08  Primal Hydralisk x4  
  133  11:40  Impaler x11  
  133  12:05  Impaler x8  
  133  12:06  Impaler x3  
  133  12:18  Primal Hydralisk  
  133  12:19  Primal Hydralisk x12  
  153  12:31  Primal Hydralisk  
  153  12:32  Primal Hydralisk  
  153  12:46  Primal Hydralisk x3  
  153  12:48  Impaler x11  
  159  13:06  Primal Hydralisk  
  159  13:07  Primal Hydralisk x2  
  165  13:12  Impaler x2  
  165  13:13  Impaler  
  160  13:55  Primal Hydralisk  
  160  13:56  Primal Hydralisk x9  
  142  14:16  Impaler x10  
  139  14:34  Primal Hydralisk  
  138  15:00  Impaler  
  138  15:01  Impaler x8  
  138  15:07  Primal Hydralisk x4  
  138  15:08  Primal Hydralisk x9  
  164  15:32  Primal Hydralisk  
  164  15:33  Primal Hydralisk x3  
  172  15:47  Impaler x9  
  166  16:08  Primal Hydralisk  
  166  16:09  Primal Hydralisk x5  
  178  16:10  Primal Hydralisk  
Show
View Real Time Build Order
Export as new Build Order

펜타네스트 Terran 

Build Orders:  

Get SALT Encoding   

Tags
 
Add a new tag
Caveats
  • Supply blocks, unpowered buildings, or Contaminate may cause inaccurate times.
  • Supply counts are checked every 10 seconds.